[Event "*** Titled Tuesday Blitz"]
[Site "Chess.com"]
[Date "2018.10.02"]
[Round "2"]
[White "PaulfromSPb"]
[Black "ramses135"]
[Result "1-0"]
[WhiteElo "2517"]
[BlackElo "2530"]
[TimeControl "180+2"]
[EndTime "13:24:57 PDT"]
[Termination "PaulfromSPb won by resignation"]

1. e4 e5 2. Nf3 Nc6 3. Bb5 Nge7 4. c3 a6 5. Ba4 g6 6. d4 exd4 7. cxd4 b5 8. Bc2 Bg7 9. Nc3 d6 10. h3 O-O 11. O-O Bb7 12. Re1 Qd7 13. a3 Na5 14. Bg5 h6 15. Bh4 g5 16. Bg3 f5 17. e5 Rae8 18.
e6 Qc8 19. Qd3 Ng6 20. h4 g4 21. h5 gxf3 22. hxg6 Rxe6 23. d5 Rxg6 24. Qxf3 Nc4 25. Re7 Nxb2 26. Rae1 Nc4 27. Ne2 Ne5 28. Bxe5 dxe5 29.
Ng3 e4 30. Qf4 Bxd5 31. Rxc7 Qe8 32. Nxf5 Be5 33. Nxh6+ Rxh6 34. Qxh6 Bxc7 35. Qg5+ Kh8 36. Qxd5 Qf7 37. Qxf7 Rxf7 38. Rxe4 Bd6 39. a4 bxa4 40.
Bxa4 Re7 41. Rh4+ Kg7 42. g3 Kf6 43. Kg2 Re2 44. Rh6+ Ke7 45. Rh7+ Kf6 46. Rh6+ Ke7 47. Rh5 Ra2 48. Bb3 Rb2 49. Bc4 Rc2 50. Bxa6 Bc5 51.
Rf5 Ke6 52. Rf3 Rb2 53. Bc4+ Ke7 54. Rf7+ Ke8 55. Rf5 Bb6 56. g4 Ke7 57. Kg3 Rb4 58.
Bd5 Bc7+ 59. f4 Rd4 60. Bf3 Rd1 61. g5 Rg1+ 62. Kf2 Ra1 63. Bd5 Bb6+ 64. Kf3 Rf1+ 65.
Kg4 Rg1+ 66. Kh5 Bc7 67. Bb3 Rf1 68. Rf7+ Kd8 69. f5 Be5 70. Be6 Ke8 71. Ra7 Rh1+ 72. Kg6 Rg1 73. f6 Kd8 74. Rd7+ Kc8 1-0

[Event "*** Titled Tuesday Blitz"]
[Site "Chess.com"]
[Date "2018.10.02"]
[Round "2"]
[White "NeverEverForever1990"]
[Black "AnkitGajwa"]
[Result "0-1"]
[WhiteElo "2421"]
[BlackElo "2305"]
[TimeControl "180+2"]
[EndTime "13:25:12 PDT"]
[Termination "AnkitGajwa won by resignation"]

1. d4 d5 2. Nf3 Nf6 3. Bf4 Bf5 4. e3 c6 5. c4 Qb6 6. Qb3 e6 7. Nbd2 Nbd7 8. c5 Qxb3 9. axb3 a6 10. b4 Nh5 11.
Bg5 h6 12. Bh4 g5 13. Bg3 Nxg3 14. hxg3 Bg7 15. b5 cxb5 16. Bxb5 Ke7 17. Ba4 Rac8 18. b4 Nb8 19. Ke2 Nc6 20. Bxc6 Rxc6 21. Nb3 Rb8 22. Na5 Rcc8 23. Rhc1 Kd7 24. Ne5+ Bxe5 25. dxe5 h5 26.
Nb3 h4 27. gxh4 gxh4 28. Nd4 Be4 29. f3 Bg6 30. Kf2 f6 31. exf6 e5 32. Nb3 Rf8 33. c6+ bxc6 34. Nc5+ Kd6 35. Rxa6 Rxb4 36. Ra7 Rb2+ 37.
Kg1 Rc2 38. Nb7+ Ke6 39. Nc5+ Kd6 40. Nb7+ Kc7 41. Rca1 Rxf6 42. Nc5+ Kd6 43. Nb7+ Ke6 44. Nd8+ Kf5 45. Re7 d4 46. exd4 exd4 47. Rae1 d3 48. R7e5+ Kf4 49. Ne6+ Rxe6 50. Rxe6 Bf5 51. Rd6 Kg3 52. Kf1 Rf2+ 53. Kg1 Rxg2+ 54. Kh1 Rh2+ 55. Kg1 Rg2+ 56. Kh1 Re2 57. Rg1+ Kxf3 58. Rf1+ Rf2 59. Rxf2+ Kxf2 60. Rf6 d2 61. Rxf5+ Ke3 62. Rf1 Ke2 63. Kg2 d1=Q 64. Rxd1 Kxd1 65. Kh3 c5 66. Kxh4 c4 67. Kg4 c3 68. Kf3 0-1

[Event "*** Titled Tuesday Blitz"]
[Site "Chess.com"]
[Date "2018.10.02"]
[Round "2"]
[White "nochewycandy"]
[Black "Nathan_Filgueiras"]
[Result "0-1"]
[WhiteElo "2171"]
[BlackElo "2210"]
[TimeControl "180+2"]
[EndTime "13:25:13 PDT"]
[Termination "Nathan_Filgueiras won by checkmate"]

1. e4 c5 2. Nf3 Nc6 3. Bb5 e5 4. c3 Bd6 5. O-O Nge7 6. d3 O-O 7. Re1 a6 8. Ba4 Bc7 9. Bb3 d5 10. exd5 Nxd5 11. Bg5 f6 12. Be3 b6 13. d4 cxd4 14.
cxd4 Kh8 15. dxe5 Nxe3 16. Qxd8 Rxd8 17. Rxe3 Nxe5 18. Nbd2 Bb7 19. Rc3 Rac8 20. Be6 Nd7 21. Rac1 Bf4 22. Rxc8 Bxc8 23. Rc6 Bb7 24. Rc4 Bxd2 25.
Nxd2 Nc5 26. Rxc5 bxc5 27. Nf1 Rd1 28. Bb3 Rb1 29. f3 a5 30. Bc4 Rxb2 31. Ne3 Bc6 32. Nf5 Bb5 33. Bd5 g6 34. Nd6 Bd3 35. h4 Rc2 36. h5 c4 37. h6 Rd2 38. Nf7+ Kg8 39. Ng5+ Kf8 40. Nxh7+ Ke7 41. Ng5 c3 42. h7 c2 43. h8=Q c1=Q+ 44. Kh2 fxg5 45. Qe5+ Kd7 46. Qe6+ Kc7 47. Qe7+ Kb6 48. Qd6+ Kb5 49. Qd7+ Kb4 50. Qe7+ Kc3 51. Qc5+ Kb2 52. Qb5+ Ka1 53. Qe8 Qb2 54. f4 Bf1 55. Qe1+ Qb1 56. Qxd2 Bb5 57.
Qc3+ Qb2 58. Qxb2+ Kxb2 59. fxg5 Bd3 60. Kg3 Bb1 61. Kf4 Bxa2 62. Be4 Bb1 63. Bc6 Ka3 64.
Ke5 a4 65. Kd4 Kb4 66. Bxa4 Kxa4 67. Kc5 Kb3 68. Kd6 Kc3 69. Ke5 Kd2 70. Ke6 Ke3 71. Kf6 Kf2 72. g4 Kg3 73. Kg7 Kxg4 74. Kh6 Kf5 75.
Kg7 Kxg5 76. Kf7 Kf4 77. Ke6 g5 78. Kd5 g4 79. Kd4 g3 80. Kc3 g2 81. Kd2 g1=Q 82. Ke2 Qe3+ 83. Kd1 Qf2 84. Kc1 Qc2# 0-1

[Event "*** Titled Tuesday Blitz"]
[Site "Chess.com"]
[Date "2018.10.02"]
[Round "2"]
[White "tony15051987"]
[Black "wonderfultime"]
[Result "0-1"]
[WhiteElo "2603"]
[BlackElo "2869"]
[TimeControl "180+2"]
[EndTime "13:25:29 PDT"]
[Termination "wonderfultime won on time"]

1. d4 Nf6 2. c4 e6 3. Nc3 d5 4. cxd5 Nxd5 5. e4 Nxc3 6. bxc3 c5 7. Rb1 cxd4 8. cxd4 Nc6 9. Nf3 Bb4+ 10. Bd2 Bxd2+ 11. Qxd2 O-O 12. Bc4 b6 13. O-O Bb7 14. Rfe1 Rc8 15. Rbd1 Na5 16. Bd3 Qd6 17. d5 Nc4 18. Qe2 exd5 19.
e5 Qh6 20. Nd4 Rfe8 21. Nf5 Qg5 22. h4 Qg6 23. Ne7+ Rxe7 24. Bxg6 hxg6 25. f4 Rce8 26. h5 gxh5 27. Qxh5 Nd6 28. Re3 g6 29. Qg5 Ne4 30.
Qh6 Bc8 31. Rxd5 Nc5 32. Rd6 Rc7 33. Rg3 Bf5 34. Re3 Ne6 35. Re1 Rc4 36. Rxe6 Bxe6 37. Rd1 Rec8 38. Qg5 Rc2 39. Rd8+ Rxd8 40. Qxd8+ Kg7 41.
Qf6+ Kg8 42. a3 Rd2 43. Qg5 Rd3 44. Kf2 Rxa3 45. g4 Ra2+ 46. Kf1 Ra1+ 47. Ke2 Ra2+ 48.
Kd3 Ra3+ 49. Kc2 Ra2+ 50. Kb1 Rf2 51. Qd8+ Kg7 52. Qf6+ Kg8 53. Kc1 Bxg4 54. Qd8+ Kg7 55. Qf6+ Kg8 56. Qd8+ Kg7 57. Qd4 Rf1+ 58. Kb2 Be6 59. Kc3 Rf3+ 60. Kd2 Rb3 61. Ke2 a5 62. Kd2 Rb4 63. Qf2 a4 64. Qh4 Rd4+ 65. Kc3 Rc4+ 66.
Kd3 Rc8 67. Qf6+ Kg8 68. Qe7 b5 69. Ke3 Ra8 70. f5 Bxf5 71. Kf4 a3 72. Kg5 a2 73.
Kf6 Ra6+ 74. e6 Rxe6+ 0-1

[Event "*** Titled Tuesday Blitz"]
[Site "Chess.com"]
[Date "2018.10.02"]
[Round "2"]
[White "Bryakin_Mikhail"]
[Black "hurricane7791"]
[Result "1/2-1/2"]
[WhiteElo "2679"]
[BlackElo "2691"]
[TimeControl "180+2"]
[EndTime "13:25:47 PDT"]
[Termination "Game drawn by stalemate"]

1. d4 Nf6 2. c4 e6 3. a3 c5 4. d5 d6 5. Nc3 exd5 6. cxd5 g6 7.
Nf3 Bg7 8. Nd2 O-O 9. Nc4 Re8 10. Bg5 h6 11. Bh4 a6 12. a4 Bf5 13. e3 Qc7 14. Bg3 Bf8 15. Bd3 Bxd3 16. Qxd3 Nh5 17. O-O Nxg3 18. hxg3 Nd7 19. a5 b5 20. axb6 Nxb6 21.
Na5 c4 22. Qc2 Bg7 23. Rfd1 f5 24. g4 Re5 25. gxf5 Rxf5 26. Nc6 Raf8 27. f3 g5 28. Rxa6 h5 29. Qe4 Nc8 30. Qxc4 Qd7 31. Qe4 g4 32. f4 g3 33. Ne2 h4 34. Ned4 Rh5 35. Qe6+ Qxe6 36. Nxe6 Re8 37. b4 Ne7 38. Nxe7+ Rxe7 39. b5 Rb7 40. b6 Bf6 41. Rc1 Rxd5 42. Rc8+ Kf7 43. Nd4 Bxd4 44. exd4 Rxd4 45. Kf1 Ke6 46. Rf8 Rb4 47. f5+ Ke5 48. Ra5+ d5 49. Rd8 R7xb6 50.
Raxd5+ Kf6 51. Rd1 Rf4+ 52. Kg1 Rb2 53. Rf8+ Kg5 54. Rg8+ Kxf5 55. Rf8+ Kg4 56. Rxf4+ Kxf4 57. Rf1+ Ke3 58. Ra1 Rd2 59. Kf1 Rf2+ 60. Kg1 Rc2 61. Kf1 Kd2 62. Re1 Rc1 63. Rxc1 Kxc1 64. Ke2 Kc2 65.
Kf3 Kd2 66. Kg4 Ke3 67. Kxh4 Kf4 68. Kh3 Kf5 69. Kh4 Kf4 70. Kh3 Kf5 71. Kh4 Kf4 72. Kh3 Kf5 73. Kxg3 Kg5 74. Kf3 Kf5 75. Kg3 Kg5 76. Kh3 Kh5 77. g3 Kg5 78. g4 Kg6 79. Kg3 Kh6 80. Kh4 Kg6 81. Kg3 Kg5 82. Kf3 Kg6 83. Kf4 Kf6 84. g5+ Kg6 85. Kg4 Kg7 86. Kh5 Kh7 87. Kg4 Kg6 88. Kf4 Kg7 89. Kf5 Kf7 90. g6+ Kg7 91. Kg5 Kg8 92. Kh5 Kg7 93. Kg5 Kg8 94. Kf4 Kg7 95. Kf5 Kg8 96. Kf6 Kf8 97. Kg5 Kg7 98. Kh5 Kg8 99. Kh6 Kh8 100. g7+ Kg8 101. Kg6 1/2-1/2

[Event "*** Titled Tuesday Blitz"]
[Site "Chess.com"]
[Date "2018.10.02"]
[Round "2"]
[White "matiss90"]
[Black "GCamachoMartinez"]
[Result "1-0"]
[WhiteElo "2435"]
[BlackElo "2277"]
[TimeControl "180+2"]
[EndTime "13:27:01 PDT"]
[Termination "matiss90 won on time"]

1. e4 e5 2. Nf3 Nf6 3. Nc3 Bb4 4. Nxe5 O-O 5. Be2 Re8 6. Nd3 Bxc3 7. dxc3 Nxe4 8.
Nf4 d6 9. O-O Nd7 10. f3 Nec5 11.
g4 Nf8 12. Rf2 Nce6 13. Nd3 b6 14. c4 Bb7 15. b3 Qf6 16. Bb2 Nd4 17. Bxd4 Qxd4 18.
Nb4 Qe5 19. f4 Qc5 20. Nd5 a5 21. Bf3 Rab8 22. a3 Ne6 23. c3 Bxd5 24. Bxd5 Nxf4 25.
Bxf7+ Kxf7 26. Qd5+ Qxd5 27. Rxf4+ Kg6 28. cxd5 Re3 29.
Rc4 Rc8 30. Rd1 Kg5 31. Kf2 Re7 32. Kg3 Re3+ 33. Kf2 Re7 34. Kg3 Re3+ 35. Kf2 Rh3 36. Kg2 Re3 37. Rf1 Re7 38. Rf5+ Kg6 39. h4 h6 40. h5+ Kh7 41. Kf3 Kg8 42. a4 Rf7 43.
Rxf7 Kxf7 44. Kf4 Kf6 45. Re4 c6 46. Re6+ Kf7 47. Rxd6 cxd5 48. Rxb6 Rxc3 49. Rb5 d4 50. Ke4 Rg3 51. Kxd4 Rxg4+ 52. Kc5 g5 53. hxg6+ Kxg6 54. Kb6 h5 55. Kxa5 Rg5 56. Rxg5+ Kxg5 57. b4 h4 58. b5 h3 59. b6 h2 60. b7 h1=Q 61. b8=Q Kf6 62. Qd6+ Kf7 63. Kb6 Qb1+ 64. Ka7 Qg1+ 65.
Qb6 Qa1 66. a5 Ke7 67. Qc7+ Ke6 68. a6 Kf5 69. Kb7 Qb2+ 70. Qb6 Qg7+ 71. Qc7 Qb2+ 72. Ka7 Qd4+ 73. Ka8 Qd5+ 74. Kb8 Qb5+ 75. Ka7 Kg4 76.
Qb6 Qd7+ 77. Kb8 Qe8+ 78. Kb7 Qd7+ 79. Qc7 Qb5+ 80. Ka7 Kh4 81. Qd8+ Kg4 82. Qg8+ Kh4 83. Qc8 Kg5 84. Qb7 Qc5+ 85. Kb8 Qf8+ 86. Kc7 Qc5+ 87. Qc6 Qa7+ 88. Kd6 Qb8+ 89. Kc5 Qe8 90. Qxe8 1-0

[Event "*** Titled Tuesday Blitz"]
[Site "Chess.com"]
[Date "2018.10.02"]
[Round "3"]
[White "AkibaRubi"]
[Black "2165149677570"]
[Result "0-1"]
[WhiteElo "2504"]
[BlackElo "2324"]
[TimeControl "180+2"]
[EndTime "13:30:16 PDT"]
[Termination "2165149677570 won by checkmate"]

1. e4 g6 2. d4 Nf6 3. Nc3 d5 4. e5 Ne4 5. Nxe4 dxe4 6. c3 c5 7. Be3 Bg7 8. Qc2 cxd4 9. Qd3 exd3 10. cxd4 Bf5 11. Rc1 Nc6 12. Nf3 O-O 13. Nh4 Nxd4 14. Nxf5 Nxf5 15. Kd2 Nxe3 16. fxe3 Qa5+ 17. Rc3 Bxe5 18.
Bxd3 Bxc3+ 19. bxc3 Rfd8 20. Ke1 Qxc3+ 21. Kf1 Qc1+ 22.
Kf2 Qxh1 23. Kg3 Rxd3 24. Kf4 Qxh2+ 25. Kf3 Qh5+ 26. Kg3 Rxe3+ 27. Kf2 Qe2+ 28. Kg1 Rg3 29. Kh1 Qxg2# 0-1

[Event "*** Titled Tuesday Blitz"]
[Site "Chess.com"]
[Date "2018.10.02"]
[Round "3"]
[White "bourideu"]
[Black "EndgameGrinder"]
[Result "0-1"]
[WhiteElo "2443"]
[BlackElo "2488"]
[TimeControl "180+2"]
[EndTime "13:31:02 PDT"]
[Termination "EndgameGrinder won by resignation"]

1. Nf3 c5 2. c4 Nc6 3. Nc3 g6 4. g3 Bg7 5. Bg2 e6 6. O-O Nge7 7. d3 O-O 8. a3 d5 9. Bg5 h6 10. Bd2 Kh7 11. Rb1 b6 12. b4 cxb4 13. axb4 dxc4 14. dxc4 Bb7 15. Qc1 Nf5 16. Rd1 Qe7 17. Ne4 Ncd4 18. Nc3 Rac8 19. c5 bxc5 20. bxc5 Bxf3 21. exf3 Rxc5 22. Qa3 Rxc3 23. Qxe7 Nxe7 24. Bxc3 Ne2+ 25. Kf1 Nxc3 0-1

[Event "*** Titled Tuesday Blitz"]
[Site "Chess.com"]
[Date "2018.10.02"]
[Round "3"]
[White "DanielNaroditsky"]
[Black "Aklanion"]
[Result "1-0"]
[WhiteElo "2964"]
[BlackElo "2161"]
[TimeControl "180+2"]
[EndTime "13:31:15 PDT"]
[Termination "DanielNaroditsky won by checkmate"]

1. e4 c5 2. Nf3 e6 3. b4 b6 4. bxc5 bxc5 5. Bb2 Nf6 6. e5 Nd5 7. Nc3 Nxc3 8. Bxc3 Be7 9. Bd3 O-O 10. h4 Ba6 11. Bxh7+ Kxh7 12. Ng5+ Kg6 13. Qf3 Nc6 14. Qe4+ Kh5 15. g4+ Kh6 16. Qh7# 1-0

[Event "*** Titled Tuesday Blitz"]
[Site "Chess.com"]
[Date "2018.10.02"]
[Round "3"]
[White "farzadbfd"]
[Black "xamax2000"]
[Result "1-0"]
[WhiteElo "2555"]
[BlackElo "2448"]
[TimeControl "180+2"]
[EndTime "13:31:20 PDT"]
[Termination "farzadbfd won by resignation"]

1. e4 c5 2. Nc3 d6 3. g3 Nc6 4.
Bg2 g6 5. d3 Bg7 6. Be3 e5 7.
Nge2 Nge7 8. O-O O-O 9. f4 exf4 10. Nxf4 Nd4 11. Qd2 f5 12. Ncd5 Nxd5 13. exd5 Nb5 14. c3 Nc7 15. a4 Bd7 16. Nh3 Qf6 17. Bg5 Qf7 18. Bh6 Nxd5 19. Bxg7 Kxg7 20. Ng5 Qg8 21. c4 Nf6 22. Rfe1 Rfe8 23. Bxb7 Rab8 24. Rxe8 Qxe8 25. Re1 Qg8 26. Bg2 Qe8 27. Rxe8 Rxe8 28. Qa5 1-0

[Event "*** Titled Tuesday Blitz"]
[Site "Chess.com"]
[Date "2018.10.02"]
[Round "3"]
[White "Witik"]
[Black "jerom555888"]
[Result "0-1"]
[WhiteElo "2555"]
[BlackElo "2707"]
[TimeControl "180+2"]
[EndTime "13:31:24 PDT"]
[Termination "jerom555888 won by resignation"]

1. d4 f5 2. g3 Nf6 3. Bg2 g6 4. c3 Bg7 5. Qb3 Nc6 6. Nd2 d5 7. Ndf3 Ne4 8. Nh3 e5 9. dxe5 Nxe5 10. O-O Nc4 11. Rd1 c6 12. Nfg5 O-O 13. Nxe4 fxe4 14. Nf4 Qe7 15. Nxd5 cxd5 16. Rxd5 Qf7 17. Qxc4 Qxf2+ 18. Kh1 Qe1+ 0-1

[Event "*** Titled Tuesday Blitz"]
[Site "Chess.com"]
[Date "2018.10.02"]
[Round "3"]
[White "Synctel"]
[Black "senecacrane"]
[Result "1-0"]
[WhiteElo "1990"]
[BlackElo "2165"]
[TimeControl "180+2"]
[EndTime "13:31:55 PDT"]
[Termination "Synctel won by resignation"]

1. d4 d5 2. Nf3 Nf6 3. Bf4 e6 4. e3 Bd6 5. Bd3 Bxf4 6. exf4 O-O 7. O-O c5 8. c3 cxd4 9. Nxd4 b6 10. Nd2 Ba6 11.
Nb5 Qd7 12. a4 Nc6 13. Nf3 Ne7 14. Ne5 Qd8 15. Re1 Nd7 16. Re3 Nc5 17. Bxh7+ Kh8 18. Qh5 Ng8 19. Bxg8+ Kxg8 20. Rh3 1-0

[Event "*** Titled Tuesday Blitz"]
[Site "Chess.com"]
[Date "2018.10.02"]
[Round "3"]
[White "Phelathegreat"]
[Black "NeverEverForever1990"]
[Result "0-1"]
[WhiteElo "2314"]
[BlackElo "2427"]
[TimeControl "180+2"]
[EndTime "13:32:03 PDT"]
[Termination "NeverEverForever1990 won by resignation"]

1. d4 Nf6 2. c4 e6 3. Nf3 d5 4. g3 Bb4+ 5. Bd2 Be7 6. Bg2 O-O 7. O-O c6 8. Qc2 b6 9. Bf4 Nbd7 10. Nbd2 Ba6 11. Rfe1 Nh5 12. e4 Nxf4 13. gxf4 dxe4 14. Nxe4 Rc8 15. Rad1 Nf6 16. Ne5 Qe8 17. Kh1 g6 18.
b3 Bb7 19. Re3 Nxe4 20. Bxe4 Ba8 21. Rh3 c5 22. d5 exd5 23. cxd5 Bd6 24. Ng4 f5 25.
Nh6+ Kg7 26. Bxf5 Bxf4 27. Bxc8 Qxc8 28. Qc3+ Rf6 29. Kg1 Bxh6 30. d6 Qg4+ 31. Rg3 Qxd1+ 0-1

[Event "*** Titled Tuesday Blitz"]
[Site "Chess.com"]
[Date "2018.10.02"]
[Round "3"]
[White "saraswathii"]
[Black "sergeikim"]
[Result "0-1"]
[WhiteElo "2296"]
[BlackElo "2447"]
[TimeControl "180+2"]
[EndTime "13:32:21 PDT"]
[Termination "sergeikim won by resignation"]

1. d4 Nf6 2. Bf4 g6 3. e3 Bg7 4.
Nf3 O-O 5. Be2 d6 6. O-O Nbd7 7. h3 b6 8. c4 Bb7 9. Nc3 Ne4 10. Nxe4 Bxe4 11. Nd2 Bb7 12. Bf3 Qc8 13. a4 a5 14.
Bxb7 Qxb7 15. Qf3 Qxf3 16. Nxf3 e5 17. dxe5 dxe5 18. Bg3 f6 19. Rfd1 Nc5 20. Rd5 Rfd8 21. Nd2 c6 22. Rxd8+ Rxd8 23. Nf1 Rd3 24. f3 Rb3 25. e4 Rxb2 26. Bf2 Bf8 27. Bxc5 Bxc5+ 28. Kh2 Kf7 0-1

[Event "*** Titled Tuesday Blitz"]
[Site "Chess.com"]
[Date "2018.10.02"]
[Round "3"]
[White "tteshan"]
[Black "Godzillator"]
[Result "0-1"]
[WhiteElo "2023"]
[BlackElo "2254"]
[TimeControl "180+2"]
[EndTime "13:32:26 PDT"]
[Termination "Godzillator won by resignation"]

1. d4 d5 2. c4 c6 3. Nc3 Nf6 4. e3 a6 5. Nf3 Bf5 6. cxd5 cxd5 7. Qb3 b5 8. a4 b4 9. Qxb4 Nc6 10. Qb7 Na5 11.
Bb5+ axb5 12. Qxb5+ Bd7 13. Qd3 Nb3 14. Rb1 Nxc1 15.
Rxc1 e6 16. b3 Bb4 17. O-O O-O 18. Ne5 Rc8 19. Nxd7 Qxd7 20. Nb5 Rxc1 21. Rxc1 Rc8 22.
Qd1 Ne4 23. f3 Nc3 24. Nxc3 Rxc3 25. Rxc3 Bxc3 26. Qd3 Qc7 27. Qb5 g6 28. Qd3 Bb4 29. h3 Qc3 30. Qe2 Qxb3 0-1

[Event "*** Titled Tuesday Blitz"]
[Site "Chess.com"]
[Date "2018.10.02"]
[Round "3"]
[White "Anton_Demchenko"]
[Black "Thjop"]
[Result "1-0"]
[WhiteElo "2835"]
[BlackElo "2624"]
[TimeControl "180+2"]
[EndTime "13:32:27 PDT"]
[Termination "Anton_Demchenko won by resignation"]

1. d4 Nf6 2. Bf4 g6 3. Nc3 Bg7 4. e4 d6 5. Qd2 O-O 6. O-O-O c6 7.
Bh6 b5 8. f3 b4 9. Nce2 a5 10. h4 Be6 11. Kb1 Bxh6 12. Qxh6 a4 13. h5 b3 14. cxb3 axb3 15. a3 Ra5 16. Nf4 g5 17.
Nxe6 fxe6 18. Nh3 Kh8 19. Nxg5 Qd7 20. Qxf8+ 1-0

[Event "*** Titled Tuesday Blitz"]
[Site "Chess.com"]
[Date "2018.10.02"]
[Round "3"]
[White "jncool68"]
[Black "BocharovD"]
[Result "1-0"]
[WhiteElo "2692"]
[BlackElo "2787"]
[TimeControl "180+2"]
[EndTime "13:33:04 PDT"]
[Termination "jncool68 won by resignation"]

1. e4 c5 2. Nf3 e6 3. d4 cxd4 4. Nxd4 a6 5. Be2 Nf6 6. Nc3 d6 7. O-O Nbd7 8. f4 b5 9. Bf3 Bb7 10. e5 Bxf3 11. Nxf3 Ng4 12. Qe1 b4 13. Ne4 d5 14.
Ng3 g6 15. h3 Bc5+ 16. Kh1 h5 17. a3 Qb6 18. axb4 Bf2 19. Rxf2 Qxf2 20. Qxf2 Nxf2+ 21. Kg1 h4 22. Kxf2 hxg3+ 23. Kxg3 Ke7 24. Nd4 Rhc8 25. c3 Nb6 26. Kf3 Nc4 27. Ke2 Kd7 28. Kd3 a5 29. b3 axb4 30. Rxa8 Rxa8 31. bxc4 Ra1 32. Nb3 dxc4+ 33. Kxc4 Ra2 34. cxb4 Rxg2 35. b5 Rg3 36.
Bd2 Rxh3 37. Nc5+ Kc8 38. b6 Rf3 39. Kb5 Rf2 40. Kc6 1-0

[Event "*** Titled Tuesday Blitz"]
[Site "Chess.com"]
[Date "2018.10.02"]
[Round "3"]
[White "Sychev_Klementy"]
[Black "Rodalquilar"]
[Result "0-1"]
[WhiteElo "2734"]
[BlackElo "2525"]
[TimeControl "180+2"]
[EndTime "13:33:09 PDT"]
[Termination "Rodalquilar won by resignation"]

1. e4 Nf6 2. e5 Nd5 3. d4 d6 4.
c4 Nb6 5. exd6 cxd6 6. Nc3 g6 7.
Be3 Bg7 8. Rc1 O-O 9. b3 Bf5 10. Nge2 e5 11. Ng3 Nc6 12. Nxf5 gxf5 13. d5 Ne7 14. Bd3 f4 15. Qh5 f5 16. Bd2 e4 17.
f3 exd3 18. O-O Ng6 19. Nb5 a6 20. Nc3 Nd7 21. Rfd1 Qb6+ 22. Kh1 Rae8 23. Be1 Rxe1+ 24.
Rxe1 d2 0-1

[Event "*** Titled Tuesday Blitz"]
[Site "Chess.com"]
[Date "2018.10.02"]
[Round "3"]
[White "evgenysharapov"]
[Black "Buffy7"]
[Result "0-1"]
[WhiteElo "2451"]
[BlackElo "2639"]
[TimeControl "180+2"]
[EndTime "13:33:16 PDT"]
[Termination "Buffy7 won by resignation"]

1. e4 c5 2. Nf3 d6 3. d4 cxd4 4. Nxd4 Nf6 5. Nc3 Nc6 6. g3 Bg4 7. f3 Bd7 8. Be3 e6 9. Qd2 a6 10. g4 Be7 11. O-O-O Rc8 12. g5 Nh5 13. h4 b5 14. Kb1 Ne5 15. f4 Nc4 16. Bxc4 Rxc4 17. f5 Ng3 18. Rhg1 b4 19. Qd3 Qc7 20. Rxg3 bxc3 21. b3 Rc5 22. fxe6 fxe6 23. Rf3 Qa5 24. Ne2 Bb5 25. Qd4 e5 26. Qxc5 dxc5 27. Ng3 g6 28. Bc1 Rf8 29. Rxf8+ Kxf8 30. h5 c4 31. h6 cxb3 32. axb3 Ba3 0-1

[Event "*** Titled Tuesday Blitz"]
[Site "Chess.com"]
[Date "2018.10.02"]
[Round "3"]
[White "Eliwood44"]
[Black "Caterpiller35"]
[Result "1-0"]
[WhiteElo "2212"]
[BlackElo "2327"]
[TimeControl "180+2"]
[EndTime "13:33:20 PDT"]
[Termination "Eliwood44 won by resignation"]

1. d4 Nf6 2. Nf3 e6 3. Bg5 c5 4. e3 b6 5. Bd3 Bb7 6. O-O Be7 7.
Nbd2 O-O 8. c3 cxd4 9. exd4 Nd5 10.
Bxe7 Qxe7 11. Re1 Nc6 12. Nc4 f5 13. Ne3 Nf4 14. Bf1 Qf7 15. Kh1 Qg6 16. Nc4 Ba6 17. Nce5 Bxf1 18. Nxg6 Bxg2+ 19. Kg1 hxg6 20. Ne5 Nxe5 21.
dxe5 Bc6 22. h4 Kf7 23. Qd2 g5 24. hxg5 Rh8 25. f3 Rh1+ 26. Kxh1 Bxf3+ 27. Kg1 Rh8 28. Qxf4 Bc6 1-0

[Event "*** Titled Tuesday Blitz"]
[Site "Chess.com"]
[Date "2018.10.02"]
[Round "3"]
[White "hypert"]
[Black "francogreek"]
[Result "1-0"]
[WhiteElo "2352"]
[BlackElo "2357"]
[TimeControl "180+2"]
[EndTime "13:33:28 PDT"]
[Termination "hypert won by resignation"]

1. Nf3 f5 2. b3 Nf6 3. Bb2 e6 4. c4 Be7 5. e3 O-O 6. Nc3 b6 7. Qc2 Bb7 8. Be2 d6 9. h3 h6 10.
Rg1 Ne4 11. Nxe4 fxe4 12. Nd4 Qd7 13. Bg4 Rf5 14. Nxf5 exf5 15. Be2 a5 16. g4 f4 17. exf4 Na6 18. a3 Nc5 19. g5 hxg5 20. fxg5 Qxh3 21.
O-O-O Qxb3 22. Qxb3 Nxb3+ 23. Kc2 Nc5 24. Rg3 Rf8 25.
Bd4 Ne6 26. Be3 c6 27. Rh1 d5 28. Bg4 Nc7 29. g6 Rf6 30. Rgh3 Rxg6 31. Rh8+ Kf7 32. Bh5 1-0

[Event "*** Titled Tuesday Blitz"]
[Site "Chess.com"]
[Date "2018.10.02"]
[Round "3"]
[White "fancyknightmaneuvers"]
[Black "SmoothAsAHedgehog"]
[Result "1-0"]
[WhiteElo "2509"]
[BlackElo "2543"]
[TimeControl "180+2"]
[EndTime "13:33:31 PDT"]
[Termination "fancyknightmaneuvers won by resignation"]

1. e4 e5 2. Nf3 Nc6 3. Bc4 Bc5 4.
O-O Nf6 5. d3 d6 6. a4 a6 7. c3 Ba7 8. b4 Ne7 9. Nbd2 Ng6 10. Re1 O-O 11. Nb3 h6 12. d4 Nh7 13.
b5 Qf6 14. Be3 Ng5 15. Nxg5 hxg5 16. bxa6 bxa6 17. Bd5 Rb8 18. dxe5 Nxe5 19. Bxa7 Bg4 20. f3 Bxf3 21. gxf3 Nxf3+ 22. Kh1 Rxb3 23. Bxb3 Nxe1 24. Qxe1 c5 25. Qg3 Qe7 26. Bb6 Qxe4+ 27. Kg1 c4 28. Bd1 Re8 29. Bf3 Qd3 30. Bd4 Re6 31.
Bd5 1-0

[Event "*** Titled Tuesday Blitz"]
[Site "Chess.com"]
[Date "2018.10.02"]
[Round "3"]
[White "BillForster"]
[Black "Quiet_Desperation"]
[Result "0-1"]
[WhiteElo "1694"]
[BlackElo "1904"]
[TimeControl "180+2"]
[EndTime "13:33:33 PDT"]
[Termination "Quiet_Desperation won by checkmate"]

1. d4 Nf6 2. c4 e6 3. Nc3 Bb4 4. e3 b6 5. Bd3 Bb7 6. Nf3 O-O 7. O-O d5 8. Ne5 dxc4 9. Bxc4 c5 10. a3 Bxc3 11.
bxc3 Nbd7 12. f4 Rc8 13. Bd3 cxd4 14. cxd4 Ne4 15. Qh5 Ndf6 16. Qh4 Qd5 17. Ng4 Nxg4 18. Qxg4 Rc3 19. Be2 Rfc8 20. Bf3 f5 21. Qh3 Rc2 22.
a4 Qb3 23. Ba3 Qxe3+ 24. Kh1 Nf2+ 25. Rxf2 Qxf2 26. Bxb7 Rc1+ 27. Rxc1 Rxc1+ 28. Bxc1 Qf1# 0-1

[Event "*** Titled Tuesday Blitz"]
[Site "Chess.com"]
[Date "2018.10.02"]
[Round "3"]
[White "gmcorrales"]
[Black "Blagorod"]
[Result "1-0"]
[WhiteElo "2690"]
[BlackElo "2033"]
[TimeControl "180+2"]
[EndTime "13:33:35 PDT"]
[Termination "gmcorrales won by resignation"]

1. g3 d5 2. Bg2 e5 3. c4 c6 4. cxd5 cxd5 5. Nf3 Nc6 6. O-O Nf6 7. d4 e4 8. Ne5 Bd6 9. Bf4 O-O 10. Nxc6 bxc6 11. Bxd6 Qxd6 12. Qc2 Ba6 13. Rc1 Rfc8 14. e3 Rab8 15.
Nc3 c5 16. dxc5 Rxc5 17. Qd2 Rd8 18. Qd4 Rd7 19. Rd1 h6 20. Nxe4 Nxe4 21. Bxe4 Rc4 22. Qxd5 Qxd5 23. Bxd5 Rc2 24. b4 Be2 25. Rd4 Rdc7 26.
Bb3 Rb2 27. Re1 Bf3 28. Rf4 Bb7 29. e4 Rd7 30. h4 Kf8 31. e5 Re7 32. e6 f6 33. Rd4 Ke8 34. Red1 Rc7 35. Rd8+ Ke7 36. R8d7+ Rxd7 37. Rxd7+ Ke8 38. Rxb7 1-0

[Event "*** Titled Tuesday Blitz"]
[Site "Chess.com"]
[Date "2018.10.02"]
[Round "3"]
[White "Thee-Chessboy"]
[Black "Supernotar"]
[Result "1-0"]
[WhiteElo "2312"]
[BlackElo "2413"]
[TimeControl "180+2"]
[EndTime "13:33:37 PDT"]
[Termination "Thee-Chessboy won by resignation"]

1. d4 d5 2. c4 dxc4 3. Nf3 Nf6 4. Qa4+ c6 5. Qxc4 b5 6. Qc2 Bb7 7. Nbd2 Nbd7 8. g3 Rc8 9. Nb3 e6 10. Nc5 Qb6 11. b4 a5 12. a3 axb4 13. axb4 Nxc5 14. dxc5 Qd8 15. Ra7 Ba8 16. Bh3 Be7 17. O-O Rc7 18.
Rd1 Qxd1+ 19. Qxd1 Rxa7 20. Bb2 O-O 21. Qb3 Rd8 22.
Bg2 Rad7 23. h3 Rd1+ 24. Kh2 Ne4 25. Nd4 Nd2 26. Qxd1 Nc4 27. Qa1 Nxb2 28. Qxb2 Bf6 29.
e3 e5 30. Nf5 e4 31. Qa2 g6 32.
Nd6 1-0

[Event "*** Titled Tuesday Blitz"]
[Site "Chess.com"]
[Date "2018.10.02"]
[Round "3"]
[White "KRASAVCHIK2002"]
[Black "PowerThinking2650"]
[Result "1-0"]
[WhiteElo "2282"]
[BlackElo "2334"]
[TimeControl "180+2"]
[EndTime "13:33:50 PDT"]
[Termination "KRASAVCHIK2002 won by resignation"]

1. e4 e5 2. Nf3 Nc6 3. Bb5 a6 4. Ba4 Nf6 5. O-O Be7 6. Re1 b5 7. Bb3 d6 8. c3 O-O 9. a4 b4 10. h3 Rb8 11. d4 bxc3 12. bxc3 exd4 13. cxd4 d5 14. Ne5 Nxe5 15. dxe5 dxe4 16. exf6 Bxf6 17. Qxd8 Rxd8 18. Ra3 Be7 19. Bc2 Bxa3 20. Bxa3 f5 21. f3 Bb7 22. Kf2 Bc6 23. Nc3 exf3 24. gxf3 Rd2+ 25. Re2 Rxe2+ 26. Kxe2 g6 27. Bd3 Rb3 28. Bc4+ 1-0